 Dungeon Crawl Stone Soup version 0.30.1-4-g462c640d31 (webtiles) character file.

Game seed: 9587263379735773355

67 boopmooplesden the Chopper (level 4, -12/40 HPs)
             Began as an Armataur Berserker on Sept 14, 2023.
             Was a Believer of Trog.
             Mangled by a gnoll
             ... wielding a +0 halberd
              (14 damage)
             ... on level 3 of the Dungeon.
             The game lasted 00:02:10 (1807 turns).

boopmooplesden the Chopper (Armataur Berserker)     Turns: 1807, Time: 00:02:10

Health: -12/40     AC:  6    Str: 24    XL:     4   Next: 0%
Magic:  4/4        EV:  7    Int:  7    God:    Trog [**....]
Gold:   149        SH:  6    Dex: 10    Spells: 3/3 levels left

rFire   . . .        f - +1 whip of Feeding Slow Death {speed, rCorr}
rCold   . . .        e - +0 kite shield
rNeg    . . .        j - +0 ring mail
rPois   .            (no helmet)
rElec   .            (no cloak)
rCorr   +            (no gloves)
SInv    .            (no barding)
Will    .....        (no amulet)
Stlth   +            (no ring)
HPRegen 0.26/turn    (no ring)
MPRegen 0.09/turn

%: roll
@: no status effects
A: large, rugged brown scales 3, deformed body, armoured tail, roll, long
tongue, awkward tongue
a: Renounce Religion, Berserk, Trog's Hand


You were on level 3 of the Dungeon.
You worshipped Trog.
Trog was pleased with you.
You visited 1 branch of the dungeon, and saw 3 of its levels.

You collected 149 gold pieces.

Inventory:

Hand Weapons
 a - a +0 hand axe
 f - the +1 whip of Feeding Slow Death (weapon) {speed, rCorr}
   (You found it on level 2 of the Dungeon)

   rCorr:     It protects you from acid and corrosion.
Armour
 b - a +0 animal skin
 e - a +0 kite shield (worn)
 j - a +0 ring mail (worn)
Wands
 g - a wand of roots (5)
Scrolls
 c - 4 scrolls of identify {unknown}
 d - 2 scrolls of immolation {unknown}
 h - a scroll of magic mapping {unknown}
 k - a scroll of enchant weapon {unknown}
 n - a scroll of blinking {unknown}
Potions
 i - a potion of curing {unknown}
 l - a potion of attraction {unknown}
 m - a potion of mutation {unknown}


   Skills:
 + Level 3.2 Fighting
 + Level 3.2 Axes
 + Level 2.9 Armour
 + Level 1.7 Dodging
 + Level 0.3 Stealth


You had 3 spell levels left.
You didn't know any spells.
Your spell library was empty.

Dungeon Overview and Level Annotations

Branches:
Dungeon (3/15)

Altars:

Shops:
D:2 [(:


Innate Abilities, Weirdness & Mutations

You are completely covered in rugged brown scales. (AC +3, +7% HP)
Armour fits poorly on your strangely shaped body.
You have a long armoured tail.
You roll when moving toward enemies. (Rampage)
Your long tongue fully drains potion bottles. (2x potion effects)
Your tongue gives you trouble enunciating. (1.5x scroll delay)


Message History

You block the kobold's attack.
You barely miss the kobold.
Your tail-slap misses the kobold.
The kobold hits you with a +0 dagger.
You hit the kobold but do no damage. You hit the kobold.
The kobold is moderately wounded.
The kobold misses you.
You hit the kobold.
You kill the kobold!
Trog accepts your kill.
You have reached level 4!
You feel agile.
You see here a +0 dagger.
You now have 149 gold pieces (gained 10). 2 gnolls come into view.
The gnoll shouts! x2
A gnoll comes into view. It is wielding a +0 spear.
There are monsters nearby!
There are monsters nearby!
You roll towards the gnoll!
A jackal comes into view.
The gnoll shouts!
You hear a bark!
A jackal comes into view.
You roll towards the gnoll!
The gnoll hits you with a +0 halberd!
The gnoll hits you from afar with a +0 spear!
You barely miss the gnoll.
Your tail-slap misses the gnoll.
The gnoll barely misses you. The gnoll hits you with a +0 halberd.
The gnoll hits you from afar with a +0 spear.
* * * LOW HITPOINT WARNING * * *
You hit the gnoll but do no damage. The jackal barely misses you.
You hit the gnoll.
The gnoll is heavily wounded.
The gnoll hits you but does no damage. The gnoll hits you with a +0 club.
* * * LOW HITPOINT WARNING * * *
The gnoll hits you with a +0 halberd.
* * * LOW HITPOINT WARNING * * *
You hit the gnoll but do no damage. You tail-slap the gnoll.
The gnoll is severely wounded.
The gnoll hits you with a +0 halberd!
You die...

##...## .. ## ###.## ..
.. ..#.# #. #.# #.#.#
##. #.# #.#.# ..
#.####.#. # ## #.
#....... ##
##...#h######......####.
.....hg@...........)..'.
##...gg###.#.#.#...####<
##..## #.#.#...>.# ## ##
#.#.####..# #
..#.####..# ###.......#
######.## #.# #.#


You could see 3 gnolls and 2 jackals.

Vanquished Creatures
  An adder (D:2)
  2 dart slugs
  5 endoplasms
  7 giant cockroaches
  3 goblins
  5 hobgoblins
  4 jackals (D:1)
  2 kobolds
  2 quokkas
  4 ball pythons
  5 bats
  3 frilled lizards
  3 rats
46 creatures vanquished.

Notes
Turn   | Place    | Note
-------+----------+-------------------------------------------
     0 | D:1      | boopmooplesden the Armataur Berserker began the quest for
                  | the Orb.
     0 | D:1      | Reached XP level 1. HP: 19/19 MP: 1/1
   184 | D:1      | Reached XP level 2. HP: 9/26 MP: 2/2
   537 | D:1      | Reached XP level 3. HP: 33/33 MP: 3/3
   709 | D:1      | Reached ** piety under Trog
   993 | D:2      | Found Zoruh's Book Emporium.
  1012 | D:2      | Identified the +1 whip of Feeding Slow Death {speed, rCorr}
  1336 | D:2      | Found Noteur's Weapon Emporium.
  1450 | D:2      | Found Redygi's Antique Armour Boutique.
  1765 | D:3      | Reached XP level 4. HP: 40/40 MP: 4/4
  1806 | D:3      | HP: 1/40 [gnoll/+0 halberd (6)]
  1807 | D:3      | Mangled by a gnoll

Illustrated notes

Levels and vault maps discovered:
D:1:      amcnicky_arrival_choice, layout_basic, minmay_octomino_j4
D:2:      layout_basic, serial_shops, nicolae_shop_rolling_square, shop, shop
D:3:      kennysheep_goblin_castle, layout_loops_corners

Skill      XL: |  1  2 |
---------------+-------+-----
Fighting       | 3 |  3.2
Axes           | 3 |  3.2
Armour         | |  2.9
Dodging        | |  1.7
Stealth        | |  0.3

Action                     |  1- 3 |  4- 6 || total
---------------------------+-------+-------++-------
  Melee: Hand axe          |    67 |       ||    67
         Tailslap          |    13 |     1 ||    14
         Whip              |    43 |     4 ||    47
   Stab: Sleeping          |     2 |       ||     2
 Armour: Animal skin       |    49 |       ||    49
         Ring mail         |     4 |     1 ||     5
  Dodge: Dodged            |    54 |     2 ||    56
  Block: Kite shield       |    14 |       ||    14
